 Dungeon Crawl Stone Soup version 0.32-a0-38-gb04dd89b9b (webtiles) character file.

Game seed: 11989789650772207288

40 mightbedylan the Firebug (level 3, 31/32 HPs)
             Began as an Oni Fire Elementalist on Jan 19, 2024.
             Quit the game on level 2 of the Dungeon on Jan 23, 2024.
             The game lasted 00:10:15 (1625 turns).

mightbedylan the Firebug (Oni Fire Elementalist)    Turns: 1625, Time: 00:10:16

Health: 31/32      AC:  3    Str: 12    XL:     3   Next: 50%
Magic:  2/7        EV: 10    Int: 18    God:
Gold:   67         SH:  0    Dex:  9    Spells: 6/7 levels left

rFire   . . .        (no weapon)
rCold   . . .        (no shield)
rNeg    . . .        a - +0 robe
rPois   .            (helmet restricted)
rElec   .            (no cloak)
rCorr   .            (gloves unavailable)
SInv    .            (boots unavailable)
Will    .....        (no amulet)
Stlth   ++           (no ring)
HPRegen 0.25/turn    (no ring)
MPRegen 0.10/turn

%: no passive effects
@: very slightly contaminated
A: large, unfitting armour, horns 1, tough skin 1, double potion healing,
drunken brawling
a: no special abilities


You were on level 2 of the Dungeon.
You visited 1 branch of the dungeon, and saw 2 of its levels.

You collected 67 gold pieces.

Inventory:

Armour
 a - a +0 robe (worn)
Magical Staves
 e - a staff of death
Jewellery
 g - an amulet of the acrobat
Scrolls
 c - a scroll of immolation {unknown}
 f - a scroll of teleportation {unknown}
Potions
 b - 2 potions of magic
 d - a potion of heal wounds {unknown}
 h - 2 potions of brilliance {unknown}


   Skills:
 + Level 0.4 Fighting
 + Level 2.1 Dodging
 + Level 1.7 Stealth
 + Level 0.1 Unarmed Combat
 * Level 2.9 Spellcasting
 + Level 1.3 Conjurations
 * Level 3.0 Fire Magic


You had 6 spell levels left.
You knew the following spells:

 Your Spells              Type           Power      Damage    Failure   Level
a - Foxfire               Conj/Fire      40%        2x1d6     7%          1

Your spell library contained the following spells:

 Spells                   Type           Power      Damage    Failure   Level
 Scorch                   Fire           26%        2d6       7%          2
 Inner Flame              Hex/Fire       8%         N/A       26%         3
 Volatile Blastmotes      Fire/Tloc      16%        2d11      26%         3
 Hailstorm                Conj/Ice       5%         3d5       36%         3
 Summon Ice Beast         Ice/Summ       2%         N/A       45%         3
 Flame Wave               Conj/Fire      10%        2d6       54%         4
 Sculpt Simulacrum        Ice/Alch       1%         N/A       100%        6


Dungeon Overview and Level Annotations

Branches:
Dungeon (2/15)

Altars:


Innate Abilities, Weirdness & Mutations

You are too large for most types of armour.
You have a pair of small horns on your head.
You have tough skin. (AC +1)
You gain doubled healing and magic from potions.
Whenever you drink a healing potion, you attack all around you.


Message History

The dart slug is heavily wounded.
The foxfire hits the dart slug.
The dart slug is heavily wounded.
An endoplasm comes into view.
Found a stone staircase leading down.
The endoplasm quivers.
The dart slug launches a dart at you. The slug dart misses you.
Casting: Foxfire (safe; 7% risk of failure)
Confirm with . or Enter, or press ? or * to list all spells.
You conjure some foxfire!
The foxfire hits the dart slug.
The dart slug is almost dead.
The foxfire hits the dart slug but does no damage.
The dart slug is almost dead.
Casting: Foxfire (safe; 7% risk of failure)
Confirm with . or Enter, or press ? or * to list all spells.
You miscast Foxfire.
Nothing appears to happen.
Casting: Foxfire (safe; 7% risk of failure)
Confirm with . or Enter, or press ? or * to list all spells.
You conjure some foxfire!
The dart slug launches a dart at you. The slug dart hits you.
The foxfire hits the endoplasm.
The endoplasm is lightly wounded.
The foxfire hits the endoplasm.
The endoplasm is heavily wounded.
Casting: Foxfire (safe; 7% risk of failure)
Confirm with . or Enter, or press ? or * to list all spells.
You conjure some foxfire!
The foxfire hits the endoplasm.
You kill the endoplasm!
The foxfire hits the dart slug.
You kill the dart slug!
Casting: Foxfire (safe; 7% risk of failure)
Confirm with . or Enter, or press ? or * to list all spells.
Okay, then.
Welcome back, mightbedylan the Oni Fire Elementalist.
Press ? for a list of commands and other information.
Are you sure you want to abandon this character and quit the game? (Confirm with "yes".)

#..#.........##.
#............... .
##.#......(..##. ..
#.........##.
#.###########.........##.
.#....................†...
.........§.###.........##.
........§..# #.........##.
.....†.§§@.###############
>................#
...........#####.#####
...........#.........#
...........#.........#
...........#.........#
.###########.........#
#.........####
###..........#


There were no monsters in sight!

Vanquished Creatures
  An adder (D:2)
  2 dart slugs
  A ball python (D:2)
  4 endoplasms
  A goblin (D:1)
  5 hobgoblins
  2 quokkas (D:1)
  3 bats
  4 kobolds (D:1)
  3 rats (D:1)
26 creatures vanquished.

Vanquished Creatures (collateral kills)
  A foxfire (D:1)
1 creature vanquished.

Vanquished Creatures (others)
  56 foxfires
56 creatures vanquished.

Grand Total: 83 creatures vanquished

Notes
Turn   | Place    | Note
-------+----------+-------------------------------------------
     0 | D:1      | mightbedylan the Oni Fire Elementalist began the quest for
                  | the Orb.
     0 | D:1      | Reached XP level 1. HP: 16/16 MP: 3/3
   153 | D:1      | Reached skill level 1 in Conjurations
   325 | D:1      | Reached XP level 2. HP: 21/24 MP: 0/5
   500 | D:1      | Found a faded altar of an unknown god.
  1184 | D:2      | Reached skill level 3 in Fire Magic
  1184 | D:2      | Reached XP level 3. HP: 31/31 MP: 5/7
  1625 | D:2      | Upgraded the game from 0.32-a0-30-gefbe487952 to
                  | 0.32-a0-38-gb04dd89b9b
  1625 | D:2      | Quit the game

Illustrated notes

Levels and vault maps discovered:
D:1:      dpeg_arrival_water_fire, layout_basic, serial_bayou,
          serial_bayou_lagoon_a, serial_bayou_pond_d, serial_bayou_lake_a,
          serial_bayou_pond_d, shapermc_ecumenical_altar_flowoftime
D:2:      layout_basic

Skill      XL: |  1  2 |
---------------+-------+-----
Conjurations   | 1 |  1.3
Dodging        | 2 |  2.1
Fire Magic     | 3 |  3.0
Fighting       | |  0.4
Stealth        | |  1.7
Unarmed Combat | |  0.1
Spellcasting   | |  2.9

Action                     || total
---------------------------++-------
  Melee: Unarmed           ||    34
         Headbutt          ||     3
   Cast: Foxfire           ||    34
 Armour: Robe              ||    35
  Dodge: Dodged            ||    18

Table legend: (Time is in decaauts)
 A = Elapsed time spent in this place.
 B = Non-inter-level travel time spent in this place.
 C = Inter-level travel time spent in this place.
 D = Time resting spent in this place.
 E = Time spent auto-exploring this place.
 F = Levels seen in this place.
 G = Mean time per level.
                   A        B        C        D        E       F      G
               +--------+--------+--------+--------+--------+-----+--------+
         Total |   1624 |   1598 |     26 |      0 |   1340 |   2 |  812.0 |
       Dungeon |   1624 |   1598 |     26 |      0 |   1340 |   2 |  812.0 |
               +--------+--------+--------+--------+--------+-----+--------+

Top non-repeatable levels by time:
     D:1: 1139 daAuts
     D:2: 485 daAuts
